 Dungeon Crawl Stone Soup version 0.19-a0-1216-g363869b (webtiles) character file.

20081 Gelly3 the Fighter (level 12, -10/189 HPs)
             Began as an Ogre Hunter on Aug 23, 2016.
             Was a High Priest of Hepliaklqana.
             Mangled by Rupert
             ... wielding a +1 great mace of crushing
              (24 damage)
             ... on level 12 of the Dungeon.
             The game lasted 00:52:15 (13494 turns).

Gelly3 the Fighter (Ogre Hunter)                   Turns: 13494, Time: 00:52:15

Health: -10/189    AC: 26    Str: 23 (24) XL:     12   Next: 75%
Magic:  12/12      EV:  1    Int:  9 (10) God:    Hepliaklqana [*****.]
Gold:   341        SH:  0    Dex: 12 (14) Spells: 0 memorised, 11 levels left

rFire  + . .     SeeInvis .     b - +0 giant club
rCold  + . .     Gourm    .     (armour currently unavailable)
rNeg   + + +     Faith    .     (shield currently unavailable)
rPois  +         Spirit   .     (helmet currently unavailable)
rElec  +         Dismiss  .     (cloak currently unavailable)
rCorr  +         Reflect  .     (gloves unavailable)
MR     +....     Harm     .     (boots unavailable)
Stlth  ++........ Clarity  +    (no amulet) NoTele +
                                (no ring)
                                (no ring)

@: tree-form, resistant, vulnerable
A: unfitting armour, (yellow scales 0), berserk 1, clarity, (deformed body),
magic resistance 1, (electricity resistance), strong 2, (tough skin 0)
a: Recall Ancestor, Ancestor Identity, Transference, Idealise, Renounce Religion


You were on level 12 of the Dungeon.
You worshipped Hepliaklqana.
Hepliaklqana was extremely pleased with you.
You were very hungry.
You were a tree.
You visited 1 branch of the dungeon, and saw 12 of its levels.

You collected 591 gold pieces.
You spent 250 gold pieces at shops.

Inventory:

Hand Weapons
 b - a +0 giant club (weapon)
   (You took it off an ogre on level 5 of the Dungeon)
 l - a +1 whip of venom
   (You found it on level 1 of the Dungeon)
 q - a +0 blowgun
   (You took it off a kobold on level 3 of the Dungeon)
 t - a +0 giant spiked club
   (You took it off an ogre on level 4 of the Dungeon)
 T - a +0 dire flail
   (You took it off a wight on level 13 of the Dungeon)
Missiles
 a - 471 stones
 c - 9 large rocks {!d}
 d - 2 throwing nets {=f, !d}
 n - 20 tomahawks
 v - 2 tomahawks of dispersal (quivered) {=f}
 P - 4 curare-tipped needles
 V - 4 javelins
Armour
 m - a +2 hat (melded)
   (You took it off Gastronok on level 8 of the Dungeon)
 p - a +2 robe of magic resistance (melded)
   (You took it off Dowan on level 5 of the Dungeon)
 I - a +0 cloak (melded)
   (You found it on level 7 of the Dungeon)
Wands
 u - a wand of lightning (12/15)
   (You found it on level 4 of the Dungeon)
 w - a wand of slowing (22/48)
   (You took it off a gnoll on level 4 of the Dungeon)
 y - a wand of flame (21/48)
   (You found it on level 6 of the Dungeon)
 B - a wand of lightning (7/15)
   (You found it on level 7 of the Dungeon)
 H - a wand of lightning (7/15)
   (You found it on level 7 of the Dungeon)
 J - a wand of iceblast (10/15)
   (You found it on level 8 of the Dungeon)
 K - a wand of confusion (29/48)
   (You found it on level 7 of the Dungeon)
 L - a wand of acid (4/15)
   (You found it on level 9 of the Dungeon)
 N - a wand of lightning (9/15)
   (You found it on level 9 of the Dungeon)
 U - a wand of flame (18/48)
   (You found it on level 12 of the Dungeon)
Scrolls
 e - 8 scrolls of identify
 h - 6 scrolls of remove curse
 o - 6 scrolls of teleportation
 z - 2 scrolls of recharging
 A - 4 scrolls of fog
 C - 5 scrolls of blinking {!r}
 G - 2 scrolls of amnesia
 S - a scroll of magic mapping {!r}
Potions
 k - 4 potions of brilliance
 s - 3 potions of cure mutation {!q}
 D - 2 potions of lignification {!q}
 E - a potion of resistance
 M - a potion of degeneration {!q}
 R - a potion of curing
Books
 r - a book of Frost
   (You found it on level 4 of the Dungeon)
 Q - a book of Beasts
   (You found it on level 10 of the Dungeon)
Miscellaneous
 X - a box of beasts
Comestibles
 f - 10 bread rations
 g - 3 beef jerkies
 i - 2 royal jellies
 j - 5 meat rations
 O - 10 fruits
 W - a slice of pizza


   Skills:
 + Level 14.4 Fighting
 + Level 14.4 Maces & Flails
 - Level 10.0 Throwing
 - Level 9.0 Dodging
 - Level 0.7 Stealth


You had 11 spell levels left.
You didn't know any spells.

Dungeon Overview and Level Annotations

Branches:
Dungeon (13/15)            Temple (0/1) D:4
   Lair: D:8-11         Orc: D:9-12      Vaults: D:13-14

Altars:
Ashenzari
Cheibriados
Fedhas
Hepliaklqana
Okawaru
Qazlal
Sif Muna
Uskayaw
Vehumet
Zin
The Shining One

Shops:
D:3 *   D:4 *   D:6 %   D:7 *

Annotations:
D:12 Rupert


Innate Abilities, Weirdness & Mutations

You are too large for most types of armour.
((You have tough skin. (AC +1)))
((You are partially covered in yellow scales. (AC +2)))
You tend to lose your temper in combat.
You possess an exceptional clarity of mind.
((Armour fits poorly on your strangely shaped body.))
You are resistant to hostile enchantments. (MR+)
((You are resistant to electric shocks. (rElec)))
Your muscles are very strong. (Str +4)


Message History

Okay, than.
Rupert yells loudly at ye.
Ye resist wit' almost nay effort.
Unknown command.
Throwin' (i - inventory. (,) - cycle):
V - 5 javelins (quiv'red)
Press: ? - help, Shift-Dir - straight line, f - Rupert
Aim: Rupert, wieldin' a great mace o' crushin' an' wearin' a rin' mail Ye throw a javelin.
Tha javelin barely misses Rupert.
Rupert roars madly an' goes inta a rage!
Rupert goes berserk!
Rupert hits Dis Mater wit' a great mace o' crushin'!!
Dis Mater points at Rupert an' mumbles some strange words.
Rupert resists wit' almost nay effort.
Rupert hits Dis Mater wit' a great mace o' crushin'!!
Dis Mater be destroyed!
Unknown command.
Re'lly quaff
D - 3 potions o' lignification {!q}?
Okay, than.
Unknown command.
Re'lly quaff
D - 3 potions o' lignification {!q}?
Ye turn inta a tree.
Yer +0 cloak melds inta yer body.
Yer +2 hat melds inta yer body.
Yer +2 robe o' magic resistance melds inta yer body.
Ye feel less resistant ta hostile enchantmn'ts.
Yer roots penetrate tha ground.
Unknown command.
Ye sock Rupert!
Rupert be lightly wounded.
Rupert completely misses ye.
Unknown command.
Ye closely miss Rupert.
Rupert be lightly wounded.
Rupert hits ye wit' a great mace o' crushin'!!
Unknown command.
Unknown command.
Unknown command.
It was a potion o' degeneration.
Thar was somethin' very wrong wit tha liquid.
Ye feel weaken'd.
Ye feel dopey.
Ye feel clumsy.
Rupert hits ye but does nay damage.
Unknown command.
It was a potion o' resistance.
Ye feel protected.
Ye be feelin' very hungry.
Rupert hits ye wit' a great mace o' crushin'!!
Ye barely miss Rupert.
Rupert be lightly wounded.
Rupert hits ye wit' a great mace o' crushin'.
Rupert hits ye wit' a great mace o' crushin'!
Unknown command.
Unknown command.
Unknown command.
Unknown command.
Unknown command.
Unknown command.
Ye bludgeon Rupert!!
Rupert be lightly wounded.
Rupert hits ye wit' a great mace o' crushin'!
Unknown command.
Ye hit Rupert but do nay damage.
Rupert be lightly wounded.
Rupert hits ye wit' a great mace o' crushin'.
Unknown command.
Ye sock Rupert!
Rupert be moderately wounded.
Rupert hits ye but does nay damage.
Unknown command.
Ye closely miss Rupert.
Rupert be moderately wounded.
Rupert hits ye wit' a great mace o' crushin'!
Unknown command.
Ye sock Rupert!
Rupert be moderately wounded.
Rupert hits ye wit' a great mace o' crushin'!!
* * * LOW HITPOINT WARNIN' * * * x2
Unknown command.
Press: ? - help, v - describe, . - travel 'ere: Rupert, wieldin' a great mace o' crushin' an' wearin' a rin' mail (moderately wounded, berserk, fast, unusu'lly strong) Tha floor, spatt'red wit' blood.
Unknown command.
Okay, than.
As ye read tha scroll labeled DISIEPNI POHO, it crumbles ta dust.
Magic quickly surges around ye.
It was a scroll o' vulnerability.
Rupert hits ye wit' a great mace o' crushin'!
* * * LOW HITPOINT WARNIN' * * * x2
Unknown command.
Unknown command.
Ye sock Rupert!
Rupert be moderately wounded.
Rupert hits ye wit' a great mace o' crushin'!
* * * LOW HITPOINT WARNIN' * * * x2
Unknown command.
Unknown command.
Throwin' (i - inventory. (,) - cycle):
v - 3 tomahawks o' dispersal (quiv'red) {=f}
Press: ? - help, Shift-Dir - straight line, f/p - Rupert
Aim: Rupert, wieldin' a great mace o' crushin' an' wearin' a rin' mail (moderately wounded, berserk, fast, unusu'lly strong, susceptible ta magic) Ye throw a tomahawk o' dispersal {=f}.
Tha tomahawk o' dispersal {=f} closely misses Rupert.
Rupert hits ye wit' a great mace o' crushin'!!
Ye die...

########### ####
#############.........# ...#
#........#.@))........# ...#
#........#♣##.........#
...####........#.##.>.......#
......#........'.##.......<.#
...##.'......).####.........#
...####........# #.........#
#### ##'####### ####'###### #
#.# #....# #### #.# ####.#
...# #.### #.#


You could see Rupert (berserk).

Vanquished Creatures
  Gastronok (D:8)
  2 centaur warriors (D:13)
  2 unseen horrors
  A hill giant (D:12)
  A deep elf mage (D:13)
  A manticore (D:12)
  10 slime creatures (D:12)
  2 cyclopes (D:13)
  4 trolls
  2 meliai zombies (D:13)
  Sigmund (D:4)
  A vampire (D:12)
  3 yaks (D:13)
  A hippogriff (D:8)
  A steam dragon (D:10)
  A vampire mosquito (D:13)
  A hungry ghost (D:10)
  Grum (D:8)
  A soldier ant (D:13)
  Duvessa (D:5)
  A giant eyeball (shapeshifter) (D:13)
  4 orc warriors
  The ghost of tcjsavannah the Chucker, an amateur OgHu (D:3)
  A black bear (D:7)
  3 phantoms
  4 ice beasts
  5 ogres
  An eye of draining (D:13)
  4 wolves (D:8)
  15 centaurs
  2 crocodiles
  3 big kobolds
  5 giant frogs
  A gnoll sergeant (D:8)
  A water moccasin zombie (D:9)
  Dowan (D:5)
  9 wights
  2 killer bees (D:13)
  An electric eel (D:10)
  3 howler monkeys (D:9)
  A giant frog zombie (D:13)
  4 crimson imps
  A hound (D:8)
  2 centaur zombies
  A giant frog skeleton (D:10)
  4 orc priests
  3 jellies
  3 centaur skeletons
  10 worker ants
  2 iguanas
  6 orc wizards
  3 sheep (D:13)
  A hound skeleton (D:9)
  7 gnolls
  11 adders
  A howler monkey skeleton (D:10)
  2 shadow imps (D:12)
  3 oozes
  4 worms
  A dart slug (D:4)
  9 giant geckos
  36 orcs
  2 giant cockroaches
  7 goblins
  8 hobgoblins
  10 jackals
  21 kobolds
  2 quokkas
  7 bats
  8 giant newts
  A jackal skeleton (D:7)
  2 rats
288 creatures vanquished.

Vanquished Creatures (collateral kills)
  A wolf spider zombie (D:13)
  Maurice (D:13)
  A two-headed ogre (D:13)
  3 yaks (D:13)
  A vampire mosquito (D:13)
  2 orc warriors
  2 phantoms
  A killer bee (D:13)
  2 wights (D:9)
  A centaur zombie (D:5)
  A quasit (D:8)
  3 orc priests
  A hound zombie (D:8)
  4 gnolls
  An adder (D:12)
  A worm (D:6)
  An orc (D:4)
  A giant cockroach (D:3)
  A goblin (D:2)
  2 hobgoblins
  2 jackals (D:5)
  A quokka (D:6)
  A kobold (D:7)
  A quokka zombie (D:5)
36 creatures vanquished.

Vanquished Creatures (others)
  8 hexers
  3 ancestors
11 creatures vanquished.

Grand Total: 335 creatures vanquished

Notes
Turn   | Place    | Note
-------+----------+-------------------------------------------
     0 | D:1      | Gelly3 the Ogre Hunter began the quest for the Orb.
     0 | D:1      | Reached XP level 1. HP: 22/22 MP: 1/1
     9 | D:1      | Reached skill level 3 in Fighting
   151 | D:1      | Reached XP level 2. HP: 31/31 MP: 2/2
   418 | D:1      | Reached skill level 4 in Fighting
   881 | D:2      | Reached XP level 3. HP: 34/40 MP: 3/3
   906 | D:2      | Found a faded altar of an unknown god.
   945 | D:2      | HP: 10/41 [poisoned by an adder]
   950 | D:2      | HP: 9/41 [poisoned by an adder]
   957 | D:2      | HP: 7/41 [poisoned by an adder]
   965 | D:2      | HP: 6/41 [poisoned by an adder]
  1233 | D:2      | Gained mutation: You are partially covered in yellow scales. (AC +2) [potion of beneficial mutation]
  1366 | D:2      | Reached skill level 5 in Fighting
  1551 | D:2      | Found a hazy altar of Hepliaklqana.
  1641 | D:2      | Became a worshipper of Hepliaklqana
  1870 | D:2      | Found a shattered altar of Ashenzari.
  2002 | D:2      | Found a glowing golden altar of the Shining One.
  2052 | D:2      | Reached skill level 1 in Maces & Flails
  2078 | D:2      | Reached XP level 4. HP: 44/45 MP: 4/4
  2219 | D:2      | Reached skill level 2 in Maces & Flails
  2238 | D:2      | Reached skill level 3 in Maces & Flails
  2258 | D:3      | Found a stormy altar of Qazlal.
  2384 | D:3      | Noticed tcjsavannah's ghost (amateur OgHu)
  2398 | D:3      | HP: 11/45 [tcjsavannah's ghost (6)]
  2415 | D:3      | Killed tcjsavannah's ghost
  2415 | D:3      | Reached skill level 5 in Maces & Flails
  2415 | D:3      | Reached XP level 5. HP: 15/51 MP: 5/5
  2776 | D:3      | Reached * piety under Hepliaklqana
  2983 | D:3      | Found Zin's Purification Station.
  2983 | D:3      | Found a glowing silver altar of Zin.
  3072 | D:3      | Reached XP level 6. HP: 53/59 MP: 6/6
  3352 | D:3      | Found a radiant altar of Vehumet.
  3395 | D:4      | Noticed Sigmund
  3416 | D:4      | Killed Sigmund
  3416 | D:4      | Reached skill level 7 in Maces & Flails
  3430 | D:4      | Noticed a phantom
  3466 | D:4      | Killed a phantom
  3466 | D:4      | Reached skill level 8 in Maces & Flails
  3466 | D:4      | Reached XP level 7. HP: 27/64 MP: 7/7
  3722 | D:4      | Reached skill level 6 in Fighting
  3755 | D:4      | Found a staircase to the Ecumenical Temple.
  3814 | D:4      | Found a deep blue altar of Sif Muna.
  3953 | D:4      | Reached skill level 7 in Fighting
  4117 | D:4      | Found a snail-covered altar of Cheibriados.
  4166 | D:4      | Found Puf Pax's General Store.
  4221 | D:4      | Bought a scroll of recharging for 114 gold pieces
  4221 | D:4      | Bought a scroll of fog for 24 gold pieces
  4357 | D:5      | Entered Level 5 of the Dungeon
  4375 | D:5      | Reached skill level 8 in Fighting
  4375 | D:5      | Reached XP level 8. HP: 64/79 MP: 8/8
  4383 | D:5      | Reached skill level 2 in Dodging
  4423 | D:5      | Found a blossoming altar of Fedhas.
  4448 | D:5      | Reached skill level 3 in Dodging
  4543 | D:5      | Noticed Dowan
  4544 | D:5      | Noticed Duvessa
  4560 | D:5      | Killed Dowan
  4563 | D:5      | HP: 14/79 [Duvessa/rapier (17)]
  4568 | D:5      | HP: 13/79 [Duvessa/rapier (18)]
  4569 | D:5      | Killed Duvessa
  4569 | D:5      | Reached skill level 4 in Dodging
  4709 | D:5      | Reached ** piety under Hepliaklqana
  5054 | D:6      | Reached skill level 9 in Fighting
  5054 | D:6      | Reached skill level 9 in Maces & Flails
  5135 | D:6      | Found an iron altar of Okawaru.
  5248 | D:6      | Found Huacita's Food Emporium.
  5782 | D:7      | Reached *** piety under Hepliaklqana
  5795 | D:7      | Reached skill level 5 in Dodging
  5795 | D:7      | Reached XP level 9. HP: 80/88 MP: 9/9
  5891 | D:7      | Found Kaycvuh's Island Escapes.
  6353 | D:7      | Remembered your ancestor Dis Mater as a hexer
  6500 | D:7      | Reached skill level 10 in Fighting
  6535 | D:7      | Bought a scroll of blinking for 112 gold pieces
  6588 | D:7      | Reached skill level 10 in Maces & Flails
  6985 | D:8      | Found a stormy altar of Qazlal.
  7000 | D:8      | Reached skill level 6 in Dodging
  7082 | D:8      | Reached **** piety under Hepliaklqana
  7210 | D:8      | Noticed Grum
  7210 | D:8      | Noticed Gastronok
  7278 | D:8      | HP: 22/91 [wolf[Grum] (11)]
  7285 | D:8      | HP: 19/91 [wolf[Grum] (4)]
  7288 | D:8      | HP: 4/91 [wolf[Grum] (8)]
  7302 | D:8      | HP: 22/91 [Grum/spear (15)]
  7307 | D:8      | Killed Grum
  7307 | D:8      | Reached skill level 11 in Fighting
  7307 | D:8      | Reached skill level 11 in Maces & Flails
  7619 | D:8      | Reached XP level 10. HP: 101/101 MP: 10/10
  7658 | D:8      | Killed an unseen horror
  7884 | D:8      | Killed Gastronok
  7884 | D:8      | Reached skill level 12 in Fighting
  7884 | D:8      | Reached skill level 12 in Maces & Flails
  7894 | D:8      | HP: 25/106 [hippogriff (5)]
  8456 | D:9      | Found a hide-covered altar of Uskayaw.
  8569 | D:9      | Reached skill level 13 in Maces & Flails
  8601 | D:9      | Reached skill level 13 in Fighting
  8794 | D:9      | Found an iron altar of Okawaru.
  9011 | D:9      | Reached ***** piety under Hepliaklqana
  9165 | D:10     | Entered Level 10 of the Dungeon
  9174 | D:10     | Reached XP level 11. HP: 99/115 MP: 11/11
  9209 | D:10     | Reached skill level 14 in Fighting
  9376 | D:10     | Found a snail-covered altar of Cheibriados.
  9561 | D:10     | You fall through a shaft for 3 floors!
  9577 | D:13     | Noticed a deep elf mage
  9586 | D:13     | Killed a deep elf mage
  9595 | D:13     | Reached skill level 14 in Maces & Flails
  9900 | D:13     | Noticed a centaur warrior
  9907 | D:13     | Killed a centaur warrior
  9907 | D:13     | Reached skill level 7 in Dodging
 10196 | D:13     | Reached skill level 8 in Dodging
 10568 | D:13     | Reached skill level 9 in Dodging
 10644 | D:13     | Noticed a deep troll
 10648 | D:13     | a deep troll changed into a giant eyeball
 10695 | D:13     | Gained mutation: Your muscles are strong. (Str +2) [mutagenic meat]
 10698 | D:13     | Gained mutation: You possess an exceptional clarity of mind. [mutagenic meat]
 10700 | D:13     | Noticed a cyclops
 10711 | D:13     | Killed a cyclops
 10711 | D:13     | Reached skill level 5 in Throwing
 10837 | D:13     | Noticed a centaur warrior
 10844 | D:13     | Killed a centaur warrior
 10885 | D:13     | Reached skill level 6 in Throwing
 10885 | D:13     | Reached XP level 12. HP: 73/125 MP: 12/12
 11227 | D:13     | Reached skill level 7 in Throwing
 11248 | D:13     | Noticed Maurice
 11254 | D:13     | Killed Maurice
 11548 | D:13     | Reached skill level 8 in Throwing
 11610 | D:12     | HP: 31/125 [troll (9)]
 12191 | D:12     | Reached skill level 9 in Throwing
 12610 | D:12     | Reached skill level 10 in Throwing
 12968 | D:12     | Gained mutation: You are resistant to electric shocks. (rElec) [potion of mutation]
 12968 | D:12     | Gained mutation: Your muscles are very strong. (Str +4) [potion of mutation]
 12969 | D:12     | Gained mutation: You are resistant to hostile enchantments. (MR+) [potion of mutation]
 12969 | D:12     | Gained mutation: You tend to lose your temper in combat. [potion of mutation]
 12969 | D:12     | Gained mutation: Armour fits poorly on your strangely shaped body. [potion of mutation]
 13133 | D:12     | Noticed Rupert
 13491 | D:12     | HP: 45/189 [Rupert/great mace of crushing (18)]
 13493 | D:12     | HP: 16/189 [Rupert/great mace of crushing (8)]
 13494 | D:12     | Mangled by Rupert

Vault maps used:
D:1:      scummos_arrival_simple_fountains
D:2:      overflow_temple_1_default, lemuel_coloured_pillars_altar,
          nicolae_tso_carved_into_rock, ecumenical_altar_2
D:3:      zin_purify, grunt_qazlal_sundering, marbit_many_paths, first_bread,
          serial_curves, eino_curves_03, eino_curves_02
D:4:      cheibriados_altar_wand_db, lemuel_crystal_altar, serial_shops,
          nicolae_shop_waterfront, uniq_sigmund
D:5:      fedhas_altar_1, uniq_duvessa
D:6:      serial_shops, shop, okawaru_altar_gauntlet_db
D:7:      serial_glass, glass_columns_b, glass_columns_a, nicolae_island_escapes
D:8:      basic_altar, uniq_grum, uniq_gastronok
D:9:      lemuel_round_altar, old_standard_altar
D:10:     dpeg_oklobed_lair, erik_orc_2, basic_altar, hangedman_pestilent_swarm,
          hangedman_decor_slide_cut
D:12:     uniq_rupert
D:13:     kennysheep_generic_room_12, uniq_maurice

Skill      XL: |  1  2  3  4  5  6  7  8  9 10 11 12 |
---------------+-------------------------------------+-----
Fighting       | 3 4 5 8 9 11 13 14 | 14.4
Maces & Flails | 1 5 8 9 11 13 14 | 14.4
Dodging        | 5 6 9 |  9.0
Throwing       | 6 10 | 10.0
Stealth        | |  0.7

Action                   |  1- 3 |  4- 6 |  7- 9 | 10-12 || total
-------------------------+-------+-------+-------+-------++-------
Melee: Short sword       |     4 |       |       |       ||     4
       Whip              |    46 |   112 |   494 |    86 ||   738
       Mace              |     3 |       |       |       ||     3
       Giant club        |       |       |       |   396 ||   396
       Dire flail        |       |       |       |     3 ||     3
Throw: Large rock        |     5 |     2 |       |    17 ||    24
       Stone             |    75 |    13 |       |       ||    88
       Tomahawk          |    10 |     9 |    13 |    24 ||    56
       Javelin           |       |       |       |    18 ||    18
Invok: Ancestor Identity |       |     1 |     1 |       ||     2
       Ancestor Life: He |       |       |     1 |       ||     1
       Recall Ancestor   |       |       |       |     2 ||     2
  Use: Scroll            |     5 |       |    12 |     5 ||    22
       Potion            |     4 |       |     4 |     5 ||    13
 Stab: Sleeping          |       |       |     3 |     2 ||     5
       Confused          |       |       |     3 |    11 ||    14
       Distracted        |       |       |     1 |     5 ||     6
  Eat: Chunk             |     3 |     5 |    13 |    19 ||    40
       Fruit             |       |       |       |     3 ||     3
Armor: Robe              |    13 |    23 |   116 |   119 ||   271
       Skin              |       |       |       |     1 ||     1
Dodge: Dodged            |    25 |    45 |   214 |   290 ||   574

Vault maps used:
D:1:      scummos_arrival_simple_fountains
D:2:      overflow_temple_1_default, lemuel_coloured_pillars_altar,
          nicolae_tso_carved_into_rock, ecumenical_altar_2
D:3:      zin_purify, grunt_qazlal_sundering, marbit_many_paths, first_bread,
          serial_curves, eino_curves_03, eino_curves_02
D:4:      cheibriados_altar_wand_db, lemuel_crystal_altar, serial_shops,
          nicolae_shop_waterfront, uniq_sigmund
D:5:      fedhas_altar_1, uniq_duvessa
D:6:      serial_shops, shop, okawaru_altar_gauntlet_db
D:7:      serial_glass, glass_columns_b, glass_columns_a, nicolae_island_escapes
D:8:      basic_altar, uniq_grum, uniq_gastronok
D:9:      lemuel_round_altar, old_standard_altar
D:10:     dpeg_oklobed_lair, erik_orc_2, basic_altar, hangedman_pestilent_swarm,
          hangedman_decor_slide_cut
D:12:     uniq_rupert
D:13:     kennysheep_generic_room_12, uniq_maurice

Table legend:
 A = Turns spent in this place as a percentage of turns spent in the entire game.
 B = Non-inter-level travel turns spent in this place as a percentage of non-inter-level travel turns spent in the entire game.
 C = Inter-level travel turns spent in this place as a percentage of turns spent in this place.
 D = Turns resting spent in this place as a percentage of non-inter-level travel turns spent in this place.
 E = Turns spent auto-exploring this place as a percentage of non-inter-level travel turns spent in this place.
 F = Non-inter-level travel turns spent in this place divided by the number of levels of this place that you've seen.
                   A       B       C       D       E      F
               +-------+-------+-------+-------+-------+----------------------
         Total | 100.0 | 100.0 |   0.5 |   2.1 |   8.3 | 360.2
       Dungeon | 100.0 | 100.0 |   0.5 |   2.1 |   8.3 | 360.2
               +-------+-------+-------+-------+-------+----------------------

Table legend:
 A = Kills in this place as a percentage of kills in entire the game.
 B = Kills by you in this place as a percentage of kills by you in the entire game.
 C = Kills by friends in this place as a percentage of kills by friends in the entire game.
 D = Other kills in this place as a percentage of other kills in the entire game.
 E = Experience gained in this place as a percentage of experience gained in the entire game.
 F = Experience gained in this place divided by the number of levels of this place that you have seen.
                   A       B       C       D       E      F
               +-------+-------+-------+-------+-------+----------------------
         Total | 100.0 | 100.0 | 100.0 | 100.0 | 100.0 | 2390.7
       Dungeon | 100.0 | 100.0 | 100.0 | 100.0 | 100.0 | 2390.7
               +-------+-------+-------+-------+-------+----------------------
